Map: King Sejong Station LE

Players

Miszu - Winner!

  • Race: Terran Terran
  • League: Grandmaster

Dackel

  • Race: Terran Terran
  • League: Grandmaster

VOD

Have the link to the VOD?

Description

Time

  • Played on: May 27, 2016, 2:20 p.m.
  • Length: 3:17
Show
View Real Time Build Order
Export as new Build Order

Miszu Terran - Winner!

Build Orders: 1/1/1 

Get SALT Encoding   

  12  0:01  SCV  
  13  0:13  SCV  
  14  0:18  Supply Depot  
  14  0:25  SCV  
  15  0:30  Refinery  
  15  0:40  SCV  
  16  0:45  Barracks  
  16  0:52  SCV  
  17  0:59  Refinery  
  17  1:04  SCV  
  18  1:16  SCV  
  19  1:32  Factory  
  20  1:33  Orbital Command  
  20  1:36  Reaper  
  20  1:44  Supply Depot  
  20  1:58  SCV  
  22  2:08  Reaper  
  22  2:13  SCV  
  23  2:16  Starport, Hellion  
  23  2:21  Supply Depot  
  25  2:29  Bunker  
  25  2:42  Hellion  
  26  2:48  Bunker  
Show
View Real Time Build Order
Export as new Build Order

Dackel Terran 

Build Orders:  

Get SALT Encoding   

  12  0:03  SCV  
  13  0:16  SCV  
  14  0:22  Supply Depot  
  14  0:48  Barracks  
  14  0:51  Barracks  
  14  1:08  Barracks  
  14  1:10  SCV  
  15  1:35  Marine, Barracks  
  15  1:38  Marine  
  17  1:46  Supply Depot  
  17  1:52  Marine  
  18  1:55  Marine  
  18  1:56  Marine  
  20  2:10  Marine  
  20  2:13  Marine  
  20  2:14  Marine  
  23  2:21  Marine  
  24  2:27  Supply Depot  
  24  2:28  Marine  
  25  2:31  Marine  
  25  2:33  Marine  
  27  2:39  Marine  
  28  2:46  Marine  
  28  2:51  Marine  
  25  2:56  Marine  
  22  2:59  Marine  
Tags
 
Add a new tag
Caveats
  • Supply blocks, unpowered buildings, or Contaminate may cause inaccurate times.
  • Supply counts are checked every 10 seconds.